 Dungeon Crawl Stone Soup version 0.26-a0-259-g1effd001a9 (webtiles) character file.

Game seed: 15704235092334443978

32723 vurker the Severer (level 14, 0/116 HPs)
             Began as a Human Fighter on July 11, 2020.
             Was an Initiate of Gozag.
             Slain by a six-headed hydra (2 damage)
             ... on level 6 of the Lair of Beasts.
             The game lasted 00:24:24 (21159 turns).

vurker the Severer (Human Fighter)                 Turns: 21159, Time: 00:24:24

Health: 0/116      AC: 16    Str: 21    XL:     14   Next: 4%
Magic:  14/14      EV:  8    Int: 14    God:    Gozag
Gold:   2714       SH: 15    Dex: 18    Spells: 13/13 levels left

rFire    + + .     SeeInvis .   b - +7 morningstar "Itzuog" {freeze, rF+ rC+ rN++}
rCold    + + .     Faith    .   A - +0 kite shield
rNeg     + + .     Spirit   .   n - +1 swamp dragon scales
rPois    +         Reflect  +   s - +2 helmet
rElec    .         Harm     .   q - +0 cloak
rCorr    .                      j - +0 pair of gloves
MR       ++...                  w - +2 pair of boots
Stlth    +.........             c - amulet of the Lobster {Reflect rC+ Int+4 Dex+6 SH+5}
HPRegen  0.29/turn              P - ring of protection from fire
MPRegen  0.14/turn              L - ring of protection from magic

@: gold aura, slowed, studying Fighting, very heavily drained, very slow
A: no striking features
a: Potion Petition, Call Merchant, Bribe Branch, Renounce Religion


You were on level 6 of the Lair of Beasts.
You worshipped Gozag.
Gozag was most pleased with you.
You were not hungry.

You visited 3 branches of the dungeon, and saw 18 of its levels.

You collected 3698 gold pieces.
You spent 921 gold pieces at shops.
You paid 63 gold pieces to Gozag.

Inventory:

Hand Weapons
 a - a +0 broad axe
   (You bought it in a shop on level 8 of the Dungeon)
 b - the +7 morningstar "Itzuog" (weapon) {freeze, rF+ rC+ rN++}
   (You found it on level 10 of the Dungeon)

   It has been specially enchanted to freeze those struck by it, causing extra
   injury to most foes and up to half again as much damage against particularly
   susceptible opponents.
   It can also slow down cold-blooded creatures.
   It protects you from fire.
   It protects you from cold.
   It greatly protects you from negative energy.
Armour
 j - a +0 pair of gloves (worn)
   (You found it on level 6 of the Dungeon)
 n - +1 swamp dragon scales (worn)
   (You took it off Maggie on level 6 of the Dungeon)
 q - a +0 cloak (worn)
   (You took it off Crazy Yiuf on level 6 of the Dungeon)
 s - a +2 helmet (worn)
   (You found it on level 4 of the Dungeon)
 w - a +2 pair of boots (worn)
   (You found it on level 4 of the Dungeon)
 A - a +0 kite shield (worn)
Jewellery
 c - the amulet of the Lobster (around neck) {Reflect rC+ Int+4 Dex+6 SH+5}
   (You acquired it on level 3 of the Lair of Beasts)

   [amulet of reflection]

   It shields you and reflects attacks.
   It affects your intelligence (+4).
   It affects your dexterity (+6).
   It protects you from cold.
   It affects your SH (+5).
 o - an uncursed ring of protection from cold
   (You found it on level 3 of the Dungeon)
 I - an uncursed ring of poison resistance
   (You found it on level 1 of the Dungeon)
 L - a ring of protection from magic (right hand)
   (You found it on level 5 of the Lair of Beasts)
 P - a ring of protection from fire (left hand)
   (You found it on level 2 of the Lair of Beasts)
Wands
 d - a wand of iceblast (4)
   (You found it on level 3 of the Dungeon)
 t - a wand of flame (29)
   (You found it on level 6 of the Dungeon)
 u - a wand of paralysis (6)
   (You found it on level 2 of the Lair of Beasts)
 v - a wand of digging (3)
   (You found it on level 3 of the Lair of Beasts)
 x - a wand of acid (26)
   (You found it on level 9 of the Dungeon)
Scrolls
 f - 9 scrolls of teleportation
 h - 2 scrolls of enchant armour
 i - 9 scrolls of remove curse
 k - 4 scrolls of identify
 y - 3 scrolls of fear
 B - 3 scrolls of magic mapping
 C - 2 scrolls of fog
 D - 2 scrolls of silence
 J - a scroll of summoning {unknown}
 K - a scroll of immolation
 N - 2 scrolls of holy word
 O - 2 scrolls of blinking
Potions
 l - 5 potions of haste
 m - 8 potions of curing
 p - 6 potions of lignification
 r - 5 potions of might
 z - 2 potions of flight
 E - a potion of resistance
 F - a potion of heal wounds
 G - a potion of mutation
Books
 g - a manual of Fighting
   (You acquired it on level 3 of the Lair of Beasts)
Comestibles
 e - 59 rations


   Skills:
 + Level 12.5(7.2) Fighting
 * Level 15.6(9.9) Axes
 + Level 5.9(1.4) Armour
 + Level 4.9(0.5) Dodging
 * Level 9.6(4.6) Shields


You had 13 spell levels left.
You didn't know any spells.
Your spell library contained the following spells:

 Spells                   Type           Power        Failure   Level
 Static Discharge         Conj/Air       #.......     99%         3
 Irradiate                Conj/Tmut      #.........   100%        5
 Lightning Bolt           Conj/Air       #.........   100%        5
 Hydra Form               Tmut           #.........   100%        6
 Statue Form              Tmut/Erth      #........    100%        6
 Dragon Form              Tmut           #.........   100%        7
 Ignition                 Fire           #.........   100%        8
 Shatter                  Erth           #.........   100%        9
 Tornado                  Air            #.........   100%        9


Dungeon Overview and Level Annotations

Branches:
Dungeon (11/15)            Temple (1/1) D:5            Lair (6/6) D:10
 Shoals (0/4) Lair:4       Spider (0/4) Lair:2        Slime (0/5) Lair:6
    Orc (0/2) D:10

Altars:
Ashenzari
Cheibriados
Dithmenos
Elyvilon
Fedhas
Gozag
Hepliaklqana
Kikubaaqudgha
Makhleb
Nemelex Xobeh
Okawaru
Qazlal
Ru
Sif Muna
Trog
Uskayaw
Vehumet
Wu Jian
Xom
Yredelemnul
Zin
The Shining One
Jiyva

Shops:
D:6 }   D:8 ((*}?

Annotations:
D:7 2 transporters, UristMcRaven's ghost, novice DECj
Lair:3 3 runed translucent doors, Siteim's ghost, journeyman MiAK
Lair:6 Sonja


Message History

The six-headed hydra becomes distracted by your gold, dreaming of imaginary riches.
Unknown command.
Sonja hits you but does no damage.
You feel drained. You block Sonja's attack. x2
You feel sick. Sonja hits you but does no damage.
You feel drained. You block Sonja's attack. x2
Sonja gestures wildly while chanting.
Sonja blinks!
The six-headed hydra roars!
Aim: a six-headed hydra The bolt of acid hits the six-headed hydra!
The six-headed hydra is splashed with acid.
The acid corrodes the six-headed hydra!
The six-headed hydra is no longer distracted by gold.
Okay, then.
The +7 morningstar "Itzuog" {freeze, rF+ rC+ rN++} glows with a cold blue light!
b - the +7 morningstar "Itzuog" (weapon)
{freeze, rF+ rC+ rN++} You hit the six-headed hydra.
The six-headed hydra seems to slow down.
You freeze the six-headed hydra.
You feel sick.
You are no longer poisoned.
You block Sonja's attack.
Sonja hits you with a +0 dagger of draining.
* * * LOW HITPOINT WARNING * * *
You partially resist.
You feel drained. You block Sonja's attack.
The six-headed hydra bites you but does no damage. x2
The six-headed hydra bites you!
* * * LOW HITPOINT WARNING * * *
The six-headed hydra bites you.
* * * LOW HITPOINT WARNING * * *
You block the six-headed hydra's attack.
The six-headed hydra barely misses you. Sonja closely misses you.
Sonja hits you with a +0 dagger of draining.
* * * LOW HITPOINT WARNING * * *
You partially resist.
You feel drained. Sonja hits you but does no damage. You partially resist.
You feel drained.
Unknown command.
Unknown command.
You hit the six-headed hydra.
The six-headed hydra seems to slow down.
You freeze the six-headed hydra.
Sonja casts a spell.
Sonja blinks!
You block the six-headed hydra's attack.
The six-headed hydra bites you but does no damage.
The six-headed hydra bites you!
* * * LOW HITPOINT WARNING * * *
You block the six-headed hydra's attack. x2
The six-headed hydra bites you.
You die...
Your body crumbles into a pile of gold.

..... .......# #.
#P....#.#.#.##......
P....................
#...#.#.#.#........
#...................
#.#.#.#.#..........
#.................
##.#.#.#..........
##......@..........
##.#.#.#D#ยง........?
#.#....<.[..........
#..#.#.#.#.........#
#.................P#
#..#.#.#.#..........
##...........<.....P.
#...#.#.#.#........P.
#.........$..P...PP..


You could see a six-headed hydra (slow, corroded).

Vanquished Creatures
  Rupert (Lair:6)
  Harold (D:9)
  3 hydras
  2 two-headed ogres
  A death yak (Lair:4)
  An unseen horror (D:11)
  An oklob plant (Lair:5)
  An elephant (Lair:4)
  A manticore (Lair:4)
  5 black mambas
  7 cane toads
  A gargoyle (D:10)
  2 rime drakes (Lair:4)
  3 komodo dragons
  Maggie (D:6)
  A troll (D:10)
  A hornet (D:11)
  A polar bear (Lair:2)
  5 blink frogs (Lair:4)
  A dream sheep (Lair:4)
  12 hippogriffs
  A centaur simulacrum (D:11)
  A water elemental (D:11)
  A redback (Lair:2)
  A wraith (D:11)
  20 yaks
  3 wyverns
  4 hogs (D:7)
  A human (D:7)
  6 basilisks
  A steam dragon (D:9)
  Menkaure (D:7)
  2 insubstantial wisps (D:9)
  7 water moccasins
  Duvessa (D:7)
  10 porcupines
  2 orc warriors
  3 black bears
  5 ice beasts
  A necrophage (D:8)
  8 sky beasts
  3 ogres
  2 centaurs
  7 wolves
  13 crocodiles
  A big kobold (D:9)
  14 bullfrogs
  Dowan (D:7)
  A scorpion (D:8)
  6 killer bees (D:9)
  2 howler monkeys
  16 wights
  5 electric eels
  2 bullfrog zombies
  7 hounds
  Crazy Yiuf (D:6)
  3 bullfrog skeletons
  3 jellies (D:9)
  4 orc priests
  7 orc wizards
  3 centaur skeletons
  A centaur zombie (D:10)
  Jessica (D:3)
  An iguana (D:8)
  8 worker ants
  2 killer bee zombies (D:8)
  2 hound skeletons
  2 worker ant zombies
  4 gnolls
  A howler monkey skeleton (D:6)
  12 adders
  3 shadow imps
  4 white imps
  A worker ant simulacrum (D:11)
  A howler monkey simulacrum (D:11)
  3 ufetubi
  4 adder skeletons
  2 worms
  A dart slug (D:2)
  5 leopard geckos
  30 orcs
  A ball python (D:8)
  2 giant cockroaches
  10 goblins
  5 hobgoblins
  24 jackals
  8 kobolds
  6 quokkas
  10 bats
  7 frilled lizards
  A leopard gecko skeleton (D:6)
  2 quokka skeletons
  6 rats
  7 fungi
  5 plants
414 creatures vanquished.

Vanquished Creatures (others)
  A sky beast (D:9)
  18 fungi
  29 plants
48 creatures vanquished.

Grand Total: 462 creatures vanquished

Notes
Turn   | Place    | Note
-------+----------+-------------------------------------------
     0 | D:1      | vurker the Human Fighter began the quest for the Orb.
     0 | D:1      | Reached XP level 1. HP: 18/18 MP: 1/1
   187 | D:1      | Reached XP level 2. HP: 20/24 MP: 2/2
   853 | D:2      | Reached XP level 3. HP: 29/29 MP: 3/3
   984 | D:2      | Reached skill level 3 in Axes
  1077 | D:2      | Reached XP level 4. HP: 35/35 MP: 4/4
  1769 | D:3      | Noticed Jessica
  1775 | D:3      | Killed Jessica
  1775 | D:3      | Reached XP level 5. HP: 38/42 MP: 5/5
  2569 | D:3      | Noticed a sky beast
  2587 | D:3      | Killed a sky beast
  2587 | D:3      | Reached skill level 4 in Axes
  2587 | D:3      | Reached XP level 6. HP: 33/48 MP: 6/6
  3372 | D:4      | Reached skill level 5 in Axes
  3375 | D:4      | Reached XP level 7. HP: 47/55 MP: 7/7
  3817 | D:4      | Reached skill level 6 in Axes
  3872 | D:4      | Reached skill level 5 in Shields
  3965 | D:4      | Reached skill level 5 in Fighting
  3965 | D:4      | Reached XP level 8. HP: 12/62 MP: 8/8
  4659 | D:5      | Entered Level 5 of the Dungeon
  4730 | D:5      | Found a staircase to the Ecumenical Temple.
  4754 | Temple   | Entered the Ecumenical Temple
  4929 | Temple   | Became a worshipper of Gozag Ym Sagoz the Greedy
  5341 | D:6      | Found Pofruyh's Gadget Boutique.
  5393 | D:6      | Found a blossoming altar of Fedhas.
  5406 | D:6      | Reached skill level 7 in Axes
  5645 | D:6      | Reached XP level 9. HP: 47/69 MP: 9/9
  5909 | D:6      | Reached skill level 8 in Axes
  5966 | D:6      | Found a runed translucent door.
  5967 | D:6      | Noticed Crazy Yiuf
  6212 | D:6      | Noticed Maggie
  6227 | D:6      | Killed Maggie
  6868 | D:6      | Killed Crazy Yiuf
  7042 | D:7      | Reached skill level 9 in Axes
  7067 | D:7      | Reached XP level 10. HP: 45/79 MP: 10/10
  7342 | D:7      | Noticed Dowan
  7343 | D:7      | Noticed Duvessa
  7375 | D:7      | Killed Duvessa
  7385 | D:7      | Killed Dowan
  7489 | D:7      | Identified the +9 scale mail of the Serpent {rElec Int+5
                  | Dex-3}
  7489 | D:7      | Identified the ring "Xidiati" {Wiz rF++ MR+ Slay+2}
  7490 | D:7      | Found a transporter.
  7504 | D:7      | Noticed UristMcRaven's ghost (novice DECj)
  7575 | D:7      | Noticed a two-headed ogre
  7589 | D:7      | Killed a two-headed ogre
  7589 | D:7      | Reached skill level 10 in Axes
  7900 | D:7      | Found a transporter.
  7985 | D:7      | Noticed Menkaure
  7991 | D:7      | Killed Menkaure
  8269 | D:8      | Found Xozul's Magic Scroll Shop.
  8275 | D:8      | Bought a scroll of teleportation for 42 gold pieces
  8275 | D:8      | Bought a scroll of fog for 28 gold pieces
  8275 | D:8      | Bought a scroll of silence for 105 gold pieces
  8275 | D:8      | Bought a scroll of magic mapping for 49 gold pieces
  8277 | D:8      | Bought a scroll of identify for 28 gold pieces
  8277 | D:8      | Bought a scroll of identify for 28 gold pieces
  8277 | D:8      | Bought a scroll of identify for 28 gold pieces
  8360 | D:8      | Found Deocs's Antique Weapon Emporium.
  8692 | D:8      | Bought a scorched battleaxe for 368 gold pieces
  8717 | D:7      | Identified the +11 battleaxe of Arrival {freeze, Int+5}
                  | (You bought it in a shop on level 8 of the Dungeon)
  8872 | D:8      | Found Cosieje's Gadget Shop.
  8945 | D:8      | Found Vugutar's Assorted Antiques.
  8951 | D:8      | Bought a scroll labeled NOAGEI MYUHET for 24 gold pieces
  8951 | D:8      | Bought a bubbling amethyst potion for 21 gold pieces
  8951 | D:8      | Bought a scroll of teleportation for 72 gold pieces
  9003 | D:8      | Found Tonaustre's Antique Weapon Boutique.
  9013 | D:8      | Reached skill level 11 in Axes
  9316 | D:8      | Found a sparkling altar of Nemelex Xobeh.
  9414 | D:9      | Noticed Harold
  9422 | D:9      | Killed Harold
  9422 | D:9      | Reached XP level 11. HP: 86/87 MP: 11/11
  9518 | D:9      | Reached skill level 12 in Axes
 10659 | D:10     | Entered Level 10 of the Dungeon
 10854 | D:10     | Found a staircase to the Lair.
 11026 | D:10     | Got a faintly glowing morningstar
 11027 | D:10     | Identified the +7 morningstar "Itzuog" {freeze, rF+ rC+
                  | rN++} (You found it on level 10 of the Dungeon)
 11331 | D:10     | Found a staircase to the Orcish Mines.
 11585 | D:11     | Reached skill level 13 in Axes
 11976 | D:11     | Reached skill level 10 in Fighting
 11983 | D:11     | Reached XP level 12. HP: 71/97 MP: 12/12
 12259 | D:11     | Noticed a two-headed ogre
 12268 | D:11     | Killed an unseen horror
 12269 | D:11     | Killed a two-headed ogre
 12423 | D:11     | Reached skill level 14 in Axes
 12872 | Lair:1   | Entered Level 1 of the Lair of Beasts
 13711 | Lair:2   | Reached skill level 1 in Dodging
 13724 | Lair:2   | Found a hole to the Spider Nest.
 14849 | Lair:3   | Identified 2 scrolls of acquirement
 14849 | Lair:3   | Acquired the amulet of the Lobster {Reflect rC+ Int+4 Dex+6
                  | SH+5}
 14850 | Lair:3   | Acquired a manual of Fighting
 14884 | Lair:3   | Found a runed translucent gate.
 14884 | Lair:3   | Found a runed translucent gate.
 14887 | Lair:3   | Found a runed translucent gate.
 14888 | Lair:3   | Noticed a seven-headed hydra
 14890 | Lair:3   | Noticed Siteim's ghost (journeyman MiAK)
 14890 | Lair:3   | Noticed a minotaur
 15251 | Lair:3   | You fall into a shaft and drop 1 floor!
 15269 | Lair:4   | Reached XP level 13. HP: 50/106 MP: 13/13
 15752 | Lair:3   | Noticed a four-headed hydra
 15760 | Lair:3   | Killed a five-headed hydra
 16104 | Lair:3   | Reached skill level 15 in Axes
 16314 | Lair:4   | Found a staircase to the Shoals.
 16530 | D:8      | Bought a broad axe for 128 gold pieces
 17454 | Lair:4   | Noticed a seven-headed hydra
 17471 | Lair:4   | Killed a seven-headed hydra
 18178 | Lair:4   | Reached skill level 5 in Armour
 18784 | Lair:4   | Noticed a four-headed hydra
 18802 | Lair:4   | Killed a six-headed hydra
 19037 | Lair:5   | Found a glowing golden altar of the Shining One.
 20108 | Lair:6   | Entered Level 6 of the Lair of Beasts
 20451 | Lair:6   | Noticed Rupert
 20519 | Lair:6   | Killed Rupert
 20770 | Lair:6   | Reached XP level 14. HP: 75/116 MP: 14/14
 20782 | Lair:6   | Found a staircase to the Slime Pits.
 21129 | Lair:6   | Noticed Sonja
 21131 | Lair:6   | Found a viscous altar of Jiyva.
 21159 | Lair:6   | HP: 2/116 [six-headed hydra (7)]
 21159 | Lair:6   | Slain by a six-headed hydra

Illustrated notes

Levels and vault maps discovered:
D:1:      onia_arrival_mini_maze_b, layout_basic
D:2:      layout_rooms, chequers_serial_rivers_small_b
D:3:      layout_basic, uniq_jessica
D:4:      kennysheep_spiral_hall, layout_loops_ring
D:5:      layout_rooms, temple_pool_b, first_ration, minivault_19,
          minmay_tree_intersection, kennysheep_doodads, kennysheep_nub
D:6:      layout_loops_ring, serial_shops, shop, fedhas_bush_and_centaur_altar,
          uniq_crazy_yiuf_cottage, uniq_maggie
D:7:      layout_loops_ring, gammafunk_ghost_gnarly_gnolls, grunt_livestock,
          minmay_misc_feat_plants, uniq_duvessa, uniq_menkaure
D:8:      layout_loops_cross, kennysheep_mini_moat, serial_shops,
          nicolae_shop_crystal, shop, nicolae_shop_overgrown_old_shop, shop,
          shop
D:9:      layout_loops_cross, hangedman_misty_isle, uniq_harold
D:10:     layout_layer_cave, due_lair_maze_entry_diamond, orc_0_dummy
D:11:     layout_small_grid, serial_ice, serial_ice_c, serial_ice_h,
          serial_ice_i, serial_ice_e, serial_ice_f, serial_ice_a
Temple:   minmay_crystal_snake_temple
Lair:1:   layout_chaotic_city, wad_woods_river_01
Lair:2:   layout_cave_pods, spider_nest_entry_webs, infiniplex_staircase_pool_2
Lair:3:   layout_long_grid, maelrawn_ghost_gauntlet_escape
Lair:4:   layout_cave_pods, minmay_shoals_entry_beasts, minmay_shattered_shrine,
          lemuel_fruit_tree, serial_bayou_shore_a, serial_bayou_shore_b
Lair:5:   layout_gridlike, lemuel_oklob_altar, grunt_megastairs_4
Lair:6:   guppyfry_lair_end_dragon, layout_hall_layers,
          hangedman_lair_tendril_chambers, slime_altar_1, st_stairs_12,
          uniq_sonja, uniq_rupert, uniq_nessos

Skill      XL: |  1  2  3  4  5  6  7  8  9 10 11 12 13 |
---------------+----------------------------------------+-----
Axes           | 3 4 5 6 7 9 11 13 14 15 | 15.6
Fighting       | 4 5 6 7 8 10 11 12 | 12.5
Shields        | 4 5 7 8 9 |  9.6
Dodging        | 2 4 |  4.9
Armour         | 4 5 |  5.9

Action                   |  1- 3 |  4- 6 |  7- 9 | 10-12 | 13-15 || total
-------------------------+-------+-------+-------+-------+-------++-------
Melee: War axe           |    77 |   146 |   367 |   124 |       ||   714
       Battleaxe         |       |       |       |   340 |    20 ||   360
       Dire flail        |       |       |       |     2 |     6 ||     8
       Broad axe         |       |       |       |       |   325 ||   325
       Morningstar       |       |       |       |       |    14 ||    14
Invok: Potion Petition   |       |       |       |     1 |       ||     1
Evoke: Wand              |       |       |     1 |       |     5 ||     6
  Use: Scroll            |       |       |    10 |    12 |     2 ||    24
       Potion            |       |       |       |       |     1 ||     1
 Stab: Distracted        |       |       |       |     2 |     2 ||     4
       Confused          |       |       |       |       |     1 ||     1
  Eat: Ration            |       |     3 |     3 |     7 |     5 ||    18
Armor: Scale mail        |    36 |    23 |       |       |       ||    59
       Chain mail        |       |    46 |   187 |       |       ||   233
       Swamp dragon scal |       |       |    16 |   236 |   143 ||   395
Dodge: Dodged            |    19 |    30 |    80 |   216 |   110 ||   455
Block: Kite shield       |    36 |    75 |   192 |    74 |   269 ||   646
       Other             |       |       |       |     1 |     5 ||     6
       Reflection        |       |       |       |       |     6 ||     6

Table legend:
 A = Non-vault XP
 B = Vault XP
 C = Vault XP percentage of total XP
 D = Non-vault monster count
 E = Vault monster count
 F = Vault count percentage of total count
                 A         B        C        D         E       F
            +---------+---------+-------+---------+---------+-------
      Total |   27923 |   18825 |  40.3 |     332 |      70 |  17.4
            +---------+---------+-------+---------+---------+-------
        D:1 |      16 |       0 |   0.0 |      11 |       0 |   0.0
        D:2 |      87 |       0 |   0.0 |      29 |       0 |   0.0
        D:3 |     283 |      37 |  11.6 |      28 |       1 |   3.4
        D:4 |     530 |     161 |  23.3 |      34 |       2 |   5.6
        D:5 |     323 |       0 |   0.0 |       9 |       0 |   0.0
        D:6 |    1023 |     507 |  33.1 |      30 |       3 |   9.1
        D:7 |    1393 |    1379 |  49.7 |      19 |       8 |  29.6
        D:8 |    1534 |       0 |   0.0 |      32 |       0 |   0.0
        D:9 |    1371 |    1728 |  55.8 |      29 |       6 |  17.1
       D:10 |    1219 |    1440 |  54.2 |       9 |      10 |  52.6
       D:11 |    5359 |     885 |  14.2 |      34 |       9 |  20.9
     Lair:1 |    1582 |     771 |  32.8 |       8 |       3 |  27.3
     Lair:2 |    3201 |     216 |   6.3 |      21 |       1 |   4.5
     Lair:3 |    2839 |       0 |   0.0 |       9 |       0 |   0.0
     Lair:4 |    4335 |    5457 |  55.7 |      16 |      14 |  46.7
     Lair:5 |     819 |    1751 |  68.1 |       6 |       5 |  45.5
     Lair:6 |    2009 |    4493 |  69.1 |       8 |       8 |  50.0
            +---------+---------+-------+---------+---------+-------
